 Dungeon Crawl Stone Soup version 0.28-a0-723-g095bd1b44f (webtiles) character file.

Game seed: 7631382182478488511

422 meatgazer the Skirmisher (level 6, 0/56 HPs)
             Began as a Draconian Abyssal Knight on Oct 25, 2021.
             Was a Priest of Lugonu.
             Succumbed to an orc wizard's poison
             ... on level 4 of the Dungeon.
             The game lasted 00:04:12 (4708 turns).

meatgazer the Skirmisher (Draconian Abyssal Knight) Turns: 4708, Time: 00:04:12

Health: 0/56       AC:  9    Str: 18    XL:     6   Next: 63%
Magic:  9/9        EV: 27    Int: 10    God:    Lugonu [***...]
Gold:   153        SH:  0    Dex: 11    Spells: 5/5 levels left

rFire   . . .      SeeInvis +   a - +1 spear
rCold   . . .      Faith    .   (no shield)
rNeg    . . .      Spirit   .   (armour unavailable)
rPois   .          Reflect  .   (helmet restricted)
rElec   .          Harm     .   (no cloak)
rCorr   .          Rampage  .   e - +2 pair of gloves
Will    .....                   (no boots)
Stlth   +.........              b - amulet of the acrobat
HPRegen 0.18/turn               i - ring of wizardry
MPRegen 0.11/turn               l - ring of see invisible

@: lethally poisoned (0 -> -6), acrobatic
A: AC +6, unfitting armour, cold-blooded
a: Renounce Religion, Depart the Abyss, Bend Space, Banish


You were on level 4 of the Dungeon.
You worshipped Lugonu.
Lugonu was most pleased with you.
You visited 1 branch of the dungeon, and saw 4 of its levels.
You visited the Abyss 1 time.

You collected 153 gold pieces.

Inventory:

Hand Weapons
 a - a +1 spear (weapon)
Armour
 e - a +2 pair of gloves (worn)
Jewellery
 b - an amulet of the acrobat (around neck)
 i - a ring of wizardry (left hand)
 l - a ring of see invisible (right hand)
Scrolls
 f - a scroll of teleportation
 j - a scroll of blinking {unknown}
Potions
 c - 2 potions of heal wounds
 g - a potion of lignification {unknown}
 h - a potion of degeneration {unknown}
 k - a potion of might {unknown}
Miscellaneous
 d - a condenser vane


   Skills:
 + Level 5.5 Fighting
 + Level 4.3 Polearms
 - Level 2.1 Dodging
 + Level 4.7 Invocations


You had 5 spell levels left.
You didn't know any spells.
Your spell library contained the following spells:

 Spells                   Type           Power      Damage    Failure   Level
 Summon Small Mammal      Summ           0%         N/A       16%         1
 Slow                     Hex            0%         N/A       22%         2
 Call Canine Familiar     Summ           0%         N/A       41%         3
 Confusing Touch          Hex            0%         N/A       41%         3
 Summon Guardian Golem    Hex/Summ       0%         N/A       41%         3
 Yara's Violent Unravell  Hex/Tmut       0%         3d3       98%         5


Dungeon Overview and Level Annotations

Branches:
Dungeon (4/15)
 Temple: D:4-7

Altars:
Uskayaw
Xom


Innate Abilities, Weirdness & Mutations

Your plain brown scales are hard. (AC +6)
You cannot fit into any form of body armour.
You are cold-blooded and may be slowed by cold attacks.


Message History

You miss the orc wizard.
The orc wizard is severely wounded.
You feel very sick. The orc wizard misses you.
You barely miss the orc wizard.
The orc wizard is severely wounded.
You feel sick.
The orc wizard hits you but does no damage.
You bump into the rock wall.
You feel very sick.
The orc wizard hits you but does no damage.
You feel sick.
You bump into the rock wall.
You feel sick. The orc wizard misses you.
You bump into the rock wall.
You feel sick.
The orc wizard points at you and mumbles some strange words.
The magic dart hits you.
You feel less confused.
You feel sick.
The orc wizard points at you and mumbles some strange words.
The puff of flame hits you!
* * * LOW HITPOINT WARNING * * *
You feel sick. The orc wizard casts a spell at you. The puff of flame hits you.
* * * LOW HITPOINT WARNING * * *
You hit the orc wizard but do no damage.
The orc wizard is severely wounded.
You feel sick.
The orc wizard hits you with a +0 dagger of venom.
* * * LOW HITPOINT WARNING * * *
You are lethally poisoned!
You hit the orc wizard.
You kill the orc wizard!
Lugonu accepts your kill.
* * * LOW HITPOINT WARNING * * *
You feel sick.
* * * LOW HITPOINT WARNING * * *
You feel sick.
Items here: )) [[ †.
You die...

###### ...... ######
########### #.........#
# #.........# #
##########.........####
#.....@).............).
#.########.........####
########### # # # # # #


There were no monsters in sight!

Vanquished Creatures
  An ogre (D:4)
  A jelly (D:2)
  A hound (D:4)
  An iguana (D:3)
  An orc wizard (D:4)
  7 gnolls
  7 adders
  4 dart slugs
  6 orcs
  7 ball pythons
  8 endoplasms
  3 giant cockroaches
  10 goblins
  5 hobgoblins
  A jackal (D:3)
  3 kobolds
  8 quokkas
  7 bats
  6 frilled lizards
  8 rats
95 creatures vanquished.

Notes
Turn   | Place    | Note
-------+----------+-------------------------------------------
     0 | Abyss:1  | meatgazer the Draconian Abyssal Knight began the quest for
                  | the Orb.
     0 | Abyss:1  | Reached XP level 1. HP: 19/19 MP: 2/2
    26 | Abyss:1  | Noticed a ynoxinul
    34 | Abyss:1  | Noticed a great orb of eyes
    38 | Abyss:2  | Noticed a small abomination
    38 | Abyss:2  | Found a corrupted altar of Lugonu.
    56 | Abyss:3  | Noticed a red devil
    62 | D:1      | Escaped the Abyss
   672 | D:1      | Reached XP level 2. HP: 26/26 MP: 3/3
  1001 | D:1      | Reached * piety under Lugonu
  1096 | D:1      | Reached XP level 3. HP: 31/33 MP: 4/4
  1448 | D:2      | Found a faded altar of an unknown god.
  1470 | D:2      | Found a shimmering altar of Xom.
  1620 | D:2      | Reached skill level 4 in Fighting
  1620 | D:2      | Reached XP level 4. HP: 34/40 MP: 6/6
  2109 | D:2      | Reached ** piety under Lugonu
  2262 | D:2      | Reached XP level 5. HP: 40/47 MP: 7/7
  3050 | D:3      | Found a hide-covered altar of Uskayaw.
  3558 | D:3      | Reached skill level 5 in Fighting
  3910 | D:3      | Reached XP level 6. HP: 50/56 MP: 9/9
  4534 | D:4      | Reached *** piety under Lugonu
  4707 | D:4      | HP: 2/56 [poisoned by an orc wizard]
  4708 | D:4      | Succumbed to an orc wizard's poison

Illustrated notes

Levels and vault maps discovered:
D:1:      dpeg_arrival_rhombi, layout_rooms, chequers_arboretum,
          minmay_nonomino_d4
D:2:      layout_basic, shapermc_ecumenical_altar_starsandcircs, basic_altar
D:3:      layout_loops_corners, nicolae_uskayaw_murder_on_the_dancefloor,
          glass_columns_b, minmay_joined_circles
D:4:      layout_basic

Skill      XL: |  1  2  3  4  5 |
---------------+----------------+-----
Fighting       | 4 5 |  5.5
Polearms       | 3 4 |  4.3
Invocations    | 3 4 |  4.7
Dodging        | |  2.1

Action                   |  1- 3 |  4- 6 || total
-------------------------+-------+-------++-------
Melee: Spear             |   129 |   254 ||   383
       Tailslap          |    14 |    21 ||    35
Invok: Depart the Abyss  |     1 |       ||     1
Evoke: Condenser vane    |       |     1 ||     1
  Use: Scroll            |     2 |     4 ||     6
 Stab: Sleeping          |     3 |     2 ||     5
Armor: Skin              |    22 |    62 ||    84
Dodge: Dodged            |    74 |   109 ||   183

Table legend: (Time is in decaauts)
 A = Elapsed time spent in this place.
 B = Non-inter-level travel time spent in this place.
 C = Inter-level travel time spent in this place.
 D = Time resting spent in this place.
 E = Time spent auto-exploring this place.
 F = Levels seen in this place.
 G = Mean time per level.
                   A        B        C        D        E       F      G
               +--------+--------+--------+--------+--------+-----+--------+
         Total |   4684 |   4576 |    108 |    676 |   3232 |   7 |  669.1 |
       Dungeon |   4622 |   4514 |    108 |    676 |   3207 |   4 | 1155.5 |
         Abyss |     61 |     61 |      0 |      0 |     25 |   3 |   20.3 |
               +--------+--------+--------+--------+--------+-----+--------+

Top non-repeatable levels by time:
     D:3: 1471 daAuts
     D:2: 1386 daAuts
     D:1: 1378 daAuts
     D:4: 386 daAuts
 Abyss:1: 38 daAuts
 Abyss:2: 14 daAuts
 Abyss:3: 8 daAuts
